Map: Deathaura LE

Players

Reynor

  • Race: Zerg Zerg
  • Spawn Location: 11:00

ByuN - Winner!

  • Race: Terran Terran
  • Spawn Location: 5:00

Event: ASUS ROG Online 2020

VOD

Have the link to the VOD?

Description

Time

  • Played on: Nov. 27, 2020, 1:10 p.m.
  • Length: 12:54

All games in this series

Show
View Real Time Build Order
Export as new Build Order

Reynor Zerg 

Build Orders: Hatch First, Muta Ling Bane 

Get SALT Encoding   

  12  0:00  Drone  
  13  0:12  Overlord  
  13  0:16  Drone  
  14  0:30  Drone x2  
  16  0:48  Hatchery  
  15  0:51  Drone  
  15  0:55  Drone  
  17  0:59  Drone  
  18  1:09  Extractor  
  17  1:13  Spawning Pool  
  17  1:16  Drone  
  17  1:19  Drone  
  18  1:28  Drone  
  19  1:38  Drone  
  20  1:49  Overlord  
  20  2:00  Queen x2  
  26  2:01  Zergling x4  
  26  2:10  Drone  
  26  2:11  Drone  
  26  2:12  Metabolic Boost  
  28  2:21  Drone x2  
  30  2:32  Drone x2  
  32  2:40  Hatchery  
  32  2:42  Drone  
  32  2:53  Overlord  
  32  2:56  Drone  
  32  2:57  Drone  
  34  3:07  Queen  
  34  3:12  Drone x5  
  41  3:15  Drone  
  42  3:21  Evolution Chamber  
  42  3:22  Overlord  
  42  3:24  Queen  
  42  3:26  Drone  
  44  3:39  Overlord  
  44  3:41  Drone x4  
  45  3:44  Queen  
  45  3:48  Drone x2  
  52  3:50  Zerg Ground Armor Level 1  
  52  3:56  Queen  
  52  3:57  Drone  
  52  3:59  Drone  
  52  4:00  Drone  
  57  4:04  Overlord  
  57  4:08  Drone x2  
  59  4:13  Drone  
  59  4:14  Drone  
  59  4:17  Drone x2  
  63  4:18  Drone  
  63  4:20  Queen  
  63  4:23  Drone  
  63  4:24  Extractor  
  66  4:25  Drone  
  66  4:29  Zergling x2  
  68  4:32  Overlord  
  68  4:33  Zergling x6  
  68  4:35  Queen  
  68  4:36  Spine Crawler  
  68  4:38  Zergling x2  
  73  4:41  Lair  
  73  4:42  Zergling x2  
  74  4:48  Overlord  
  74  4:50  Overlord  
  74  4:52  Zergling x8  
  77  4:53  Zergling x2  
  77  4:54  Zergling x2  
  77  4:55  Zergling x2  
  77  4:58  Zergling x2  
  81  5:01  Overlord  
  81  5:06  Zergling x2  
  81  5:07  Zergling x8  
  85  5:09  Drone  
  85  5:11  Baneling Nest  
  85  5:13  Queen  
  88  5:16  Drone  
  88  5:18  Zergling x2  
  88  5:20  Zergling x6  
  93  5:22  Drone  
  93  5:28  Queen, Drone x2  
  96  5:34  Zergling x2  
  99  5:38  Drone  
  99  5:39  Drone  
  101  5:44  Zerg Melee Weapons Level 1, Hatchery, Drone x2  
  101  5:45  Drone  
  101  5:48  Zergling x4  
  105  5:52  Overlord  
  105  5:57  Extractor  
  105  5:59  Drone  
  105  6:02  Centrifical Hooks  
  103  6:04  Zergling x6  
  103  6:08  Hatchery  
  105  6:12  Overlord  
  105  6:15  Drone x5  
  105  6:16  Drone  
  105  6:18  Drone x2  
  112  6:21  Extractor  
  112  6:23  Baneling x5  
  111  6:28  Zergling x4  
  111  6:32  Zergling x8  
  117  6:39  Zergling x4  
  119  6:42  Zergling x4  
  119  6:45  Baneling x5  
  117  6:51  Zergling x6  
  117  6:53  Zergling x8  
  120  6:58  Zergling x2  
  97  7:02  Zergling x2  
  97  7:03  Queen x2  
  97  7:04  Zergling x6  
  97  7:05  Zergling x2, Queen  
  97  7:07  Zergling x2  
  98  7:11  Zergling x6  
  98  7:15  Spawning Pool, Drone  
  93  7:18  Drone  
  93  7:19  Drone  
  91  7:23  Drone  
  91  7:28  Drone  
  92  7:33  Extractor x2  
  92  7:34  Drone x3  
  92  7:35  Drone  
  92  7:36  Hatchery  
  93  7:38  Zerg Ground Armor Level 2  
  93  7:41  Overlord  
  93  7:42  Drone x2  
  93  7:43  Drone x2  
  93  7:44  Drone  
  97  7:46  Drone  
  97  7:50  Drone  
  99  7:52  Baneling  
  99  7:53  Baneling x10  
  99  7:54  Drone  
  100  7:59  Drone  
  100  8:02  Zergling x4  
  100  8:04  Zergling x6  
  106  8:09  Spire  
  106  8:10  Zergling x2  
  106  8:11  Zergling x2  
  107  8:14  Zergling x2  
  107  8:16  Zergling x8  
  107  8:18  Zergling x4  
  114  8:22  Queen  
  115  8:28  Zergling x2  
  115  8:29  Zergling x4  
  115  8:33  Zergling x4  
  115  8:34  Zergling x4  
  116  8:38  Drone  
  117  8:43  Zergling x2  
  117  8:44  Zergling x4  
  111  8:48  Queen  
  111  8:49  Queen  
  111  8:53  Drone x4  
  117  8:56  Lair, Zergling x4  
  117  9:00  Baneling x5  
  117  9:01  Zergling x4  
  121  9:05  Baneling x4  
  121  9:06  Zergling x4  
  120  9:11  Drone  
  119  9:19  Queen  
  112  9:25  Mutalisk x8  
  112  9:27  Zergling x4  
  123  9:32  Mutalisk  
  123  9:34  Extractor  
  123  9:35  Extractor  
  119  9:38  Drone x3  
  119  9:39  Drone x3  
  119  9:44  Zergling x4  
  128  9:49  Mutalisk  
  128  9:50  Zergling x4  
  121  9:54  Zergling x2  
  121  9:55  Zergling x2  
  121  9:58  Queen  
  117  10:01  Mutalisk  
  117  10:05  Drone  
  117  10:06  Drone x3  
  119  10:08  Drone x2  
  119  10:10  Mutalisk x2  
  123  10:14  Drone x3  
  126  10:22  Zerg Melee Weapons Level 2  
  126  10:25  Baneling  
  126  10:26  Zergling x2  
  126  10:27  Zergling x4  
  129  10:30  Overlord x2, Drone  
  129  10:35  Baneling x5  
  130  10:40  Baneling x2  
  130  10:45  Overlord  
  130  10:49  Mutalisk  
  130  10:50  Mutalisk  
  130  10:52  Zergling x10  
  129  10:59  Hatchery  
  129  11:01  Mutalisk x2  
  129  11:02  Zergling x4  
  129  11:03  Zergling x2  
  131  11:06  Zergling x2  
  131  11:09  Zergling x6  
  131  11:14  Zergling x2  
  131  11:16  Baneling x4  
  131  11:17  Drone  
  122  11:19  Queen  
  113  11:26  Mutalisk  
  113  11:28  Zergling x2  
  113  11:31  Baneling x5  
  114  11:38  Zergling x4  
  116  11:45  Mutalisk  
  118  11:51  Drone x3  
  118  11:53  Mutalisk  
  118  11:54  Hatchery  
  122  11:55  Queen  
  122  11:57  Baneling x2  
  122  11:59  Zergling x2  
  125  12:03  Zergling x2  
  125  12:06  Baneling  
  125  12:07  Baneling x3  
  126  12:10  Zergling x2  
  123  12:18  Mutalisk  
  123  12:19  Zergling x2  
  123  12:20  Zergling x6  
  123  12:21  Zergling x2  
  123  12:25  Zergling x2  
  117  12:32  Zergling x6  
Show
View Real Time Build Order
Export as new Build Order

ByuN Terran - Winner!

Build Orders: Command Center First (CC) 

Get SALT Encoding   

  12  0:00  SCV  
  13  0:12  SCV  
  14  0:17  Supply Depot  
  14  0:24  SCV  
  15  0:38  SCV  
  16  0:51  SCV  
  17  1:00  Command Center  
  17  1:03  SCV  
  18  1:12  Barracks  
  18  1:15  SCV  
  19  1:20  Refinery  
  19  1:27  SCV  
  19  1:29  Refinery  
  20  1:39  SCV  
  21  1:46  Barracks  
  21  1:52  SCV  
  22  1:59  Barracks Reactor  
  22  2:04  Orbital Command  
  22  2:13  Orbital Command  
  22  2:30  SCV  
  22  2:33  Barracks Tech Lab  
  22  2:35  Marine  
  22  2:36  Marine  
  25  2:37  Factory  
  25  2:42  SCV x2  
  27  2:52  Stimpack, Marine  
  27  2:53  Marine  
  27  2:54  Marine  
  27  2:58  SCV x2  
  32  3:10  SCV x2, Marine  
  36  3:13  Supply Depot  
  36  3:17  Marine x2  
  37  3:22  SCV  
  37  3:23  Starport  
  37  3:25  Factory Reactor  
  38  3:29  Supply Depot  
  38  3:35  SCV, Marine x3  
  38  3:36  SCV  
  43  3:46  Supply Depot  
  43  3:47  SCV  
  44  3:52  Refinery  
  44  3:53  Marine x3  
  47  3:57  Engineering Bay, SCV  
  47  3:59  SCV  
  49  4:06  Medivac x2  
  53  4:10  Marine  
  53  4:11  Marine x2  
  53  4:14  SCV x2  
  58  4:20  Supply Depot  
  58  4:22  Factory Tech Lab  
  58  4:26  Terran Infantry Weapons Level 1, SCV x2  
  58  4:29  Marine x2  
  62  4:35  Supply Depot  
  62  4:40  Barracks  
  62  4:42  Siege Tank, Marine  
  66  4:46  SCV x2  
  66  4:48  Marine  
  66  4:49  Marine  
  70  4:53  Combat Shield  
  70  4:57  Supply Depot  
  70  4:58  SCV  
  71  5:00  SCV  
  72  5:14  Marine x2  
  75  5:17  Siege Tank  
  75  5:19  Marine  
  75  5:21  Supply Depot, Medivac  
  80  5:30  Marine x2  
  80  5:31  Marine  
  80  5:32  Marine  
  84  5:37  Marine  
  84  5:38  Supply Depot  
  85  5:48  Marine x2  
  85  5:49  Marine x2  
  88  5:51  Medivac  
  88  5:52  Siege Tank  
  94  6:00  Marine  
  94  6:02  Supply Depot  
  95  6:06  Marine x2  
  95  6:07  Marine x2  
  95  6:09  Supply Depot  
  99  6:18  Marine  
  100  6:20  Terran Infantry Armor Level 1  
  100  6:23  Starport Reactor  
  100  6:24  Marine x2  
  100  6:25  Marine x2  
  104  6:35  Marine  
  105  6:42  Command Center, Marine x2  
  105  6:43  Marine x2  
  109  6:52  Siege Tank  
  109  6:53  Marine  
  113  6:59  Marine  
  113  7:00  Marine x2  
  113  7:01  Marine  
  102  7:04  Medivac  
  102  7:05  Medivac  
  106  7:11  Marine  
  99  7:17  Marine x2  
  99  7:18  Marine x2  
  99  7:23  SCV x2  
  99  7:24  Siege Tank  
  99  7:25  Barracks  
  99  7:26  Barracks  
  99  7:29  Marine  
  103  7:35  Marine x2  
  103  7:36  Marine x2  
  107  7:43  SCV x2  
  103  7:47  Marine  
  103  7:48  Refinery  
  104  7:51  Medivac x2  
  104  7:53  Marine x2  
  104  7:54  Marine x2  
  104  7:56  SCV x2  
  114  8:04  Marine  
  115  8:11  Marine x2  
  115  8:12  Marine x2  
  119  8:17  Barracks Reactor x2  
  118  8:22  Marine  
  118  8:23  Siege Tank  
  122  8:29  Marine x2  
  122  8:30  Marine x2  
  123  8:39  Liberator x2  
  123  8:40  Marine  
  130  8:46  Marine  
  130  8:47  Marine x3  
  130  8:53  Marine x3  
  130  8:54  Orbital Command  
  133  9:02  Supply Depot  
  133  9:03  Armory  
  133  9:04  Supply Depot  
  133  9:05  Engineering Bay  
  133  9:06  SCV, Marine x6  
  133  9:07  SCV  
  139  9:15  Marine x2  
  141  9:19  SCV  
  141  9:22  SCV  
  140  9:24  Marine x3  
  140  9:31  SCV  
  135  9:32  Marine x4  
  135  9:33  SCV  
  135  9:34  SCV  
  141  9:43  Medivac x2, SCV  
  141  9:45  Marine x3  
  146  9:51  Marine x4  
  151  9:54  Marine  
  151  9:55  Marine  
  134  10:03  Marine x3  
  133  10:08  Marine x2  
  133  10:09  Marine x2  
  133  10:12  Terran Infantry Armor Level 2, Marine  
  133  10:13  Medivac x2  
  139  10:17  Missile Turret  
  139  10:18  Missile Turret  
  139  10:19  Missile Turret  
  140  10:30  Marine x2  
  140  10:31  Marine x2  
  140  10:32  Marine  
  140  10:35  Marine x4  
  148  10:38  Thor  
  151  10:52  Marine x5  
  151  10:53  Marine  
  151  10:57  Marine x2  
  157  11:00  Marine  
  150  11:08  Factory  
  150  11:10  Marine x6  
  156  11:14  Marine  
  156  11:15  Marine  
  157  11:21  Marine  
  157  11:23  Thor  
  152  11:27  Marine  
  152  11:28  Marine x4  
  155  11:34  Command Center  
  155  11:39  Medivac x2  
  153  11:46  Marine x4  
  157  11:49  Marauder  
  157  11:54  Supply Depot  
  157  11:55  Supply Depot, Factory Reactor  
  157  11:57  Missile Turret  
  157  12:08  Marine  
  157  12:11  Marine  
  157  12:12  Marine  
  157  12:13  Marine x2  
  157  12:15  Medivac, Marine x4  
  157  12:22  SCV  
  159  12:23  SCV  
  159  12:24  SCV  
  159  12:26  Marine  
  159  12:29  Marine  
  163  12:30  Marine  
  163  12:31  Marine x2  
  163  12:35  Marine x2  
  163  12:36  Marine  
Tags
 
Add a new tag
Caveats
  • Supply blocks, unpowered buildings, or Contaminate may cause inaccurate times.
  • Supply counts are checked every 10 seconds.